 Dungeon Crawl Stone Soup version 0.30-a0-170-g85af917532 (webtiles) character file.

Game seed: 6202891701874997892

39 pokeman the Magician (level 3, -2/20 HPs)
             Began as a Deep Elf Hedge Wizard on Sept 30, 2022.
             Slain by Natasha (5 damage)
             ... on level 2 of the Dungeon.
             The game lasted 00:02:35 (1544 turns).

pokeman the Magician (Deep Elf Hedge Wizard)        Turns: 1544, Time: 00:02:36

Health: -2/20      AC:  5    Str:  7    XL:     3   Next: 26%
Magic:  6/11       EV: 11    Int: 20    God:
Gold:   38         SH:  0    Dex: 14    Spells: 2/12 levels left

rFire   + . .      SeeInvis .    n - staff of fire
rCold   . . .      Faith    .    (no shield)
rNeg    . . .      Spirit   .    e - +0 leather armour
rPois   .          Reflect  .    c - +0 hat
rElec   .          Harm     .    (no cloak)
rCorr   .          Rampage  .    m - +0 pair of gloves
Will    .....                    g - +0 pair of boots
Stlth   ++........               (no amulet)
HPRegen 0.06/turn                (no ring)
MPRegen 0.12/turn                (no ring)

@: very slightly contaminated, slowed, very slow
A: no striking features
a: no special abilities


You were on level 2 of the Dungeon.
You visited 1 branch of the dungeon, and saw 2 of its levels.

You collected 38 gold pieces.

Inventory:

Armour
 c - a +0 hat (worn)
 e - a +0 leather armour (worn)
 g - a +0 pair of boots (worn)
 h - a +0 kite shield
 m - a +0 pair of gloves (worn)
Magical Staves
 n - a staff of fire (weapon)
Scrolls
 b - 2 scrolls of immolation {unknown}
 f - a scroll of summoning {unknown}
 i - a scroll of teleportation {unknown}
 j - 2 scrolls of identify {unknown}
 k - 2 scrolls of noise {unknown}
 l - a scroll of fog {unknown}
Potions
 a - a potion of resistance {unknown}
 d - 2 potions of magic


   Skills:
 + Level 0.9 Fighting
 + Level 0.8 Armour
 - Level 2.4 Dodging
 - Level 2.4 Stealth
 * Level 5.2 Spellcasting
 + Level 1.7 Conjurations
 - Level 1.1 Summonings
 - Level 1.1 Translocations


You had 2 spell levels left.
You knew the following spells:

 Your Spells              Type           Power      Damage    Failure   Level
a - Magic Dart            Conj           48%        1d5       8%          1
b - Mephitic Cloud        Conj/Pois/Air  7%         N/A       36%         3
c - Call Imp              Summ           9%         N/A       16%         2
d - Blink                 Tloc           18%        N/A       16%         2
e - Cigotuvi's Dreadful   Necr/Pois/Air  10%        N/A       26%         2

Your spell library contained the following spells:

 Spells                   Type           Power      Damage    Failure   Level
 Slow                     Hex            20%        N/A       17%         1


Dungeon Overview and Level Annotations

Branches:
Dungeon (2/15)

Altars:

Shops:
D:1 !   D:2 (

Annotations:
D:2 Natasha


Message History

Aiming: Magic Dart (safe; 8% risk of failure)
Press: ? - help, Shift-Dir - straight line, f/p - Natasha
Aim: Natasha (moderately wounded, 100% to hit)
You miscast Magic Dart.
You are very lightly contaminated with residual magic.
Nothing appears to happen.
Natasha barely misses you. Natasha misses you.
Casting: Magic Dart (safe; 8% risk of failure)
Confirm with . or Enter, or press ? or * to list all spells.
Aiming: Magic Dart (safe; 8% risk of failure)
Press: ? - help, Shift-Dir - straight line, f/p - Natasha
Aim: Natasha (moderately wounded, 100% to hit)
The magic dart hits Natasha.
Natasha is heavily wounded.
Natasha claws you.
Casting: Magic Dart (safe; 8% risk of failure)
Confirm with . or Enter, or press ? or * to list all spells.
Aiming: Magic Dart (safe; 8% risk of failure)
Press: ? - help, Shift-Dir - straight line, f/p - Natasha
Aim: Natasha (heavily wounded, 100% to hit)
The magic dart hits Natasha but does no damage.
Natasha is heavily wounded.
Natasha claws you! Natasha barely misses you.
Casting: Magic Dart (safe; 8% risk of failure)
Confirm with . or Enter, or press ? or * to list all spells.
Aiming: Magic Dart (safe; 8% risk of failure)
Press: ? - help, Shift-Dir - straight line, f/p - Natasha
Aim: Natasha (heavily wounded, 100% to hit)
The magic dart hits Natasha.
Natasha is severely wounded.
Natasha claws you.
* * * LOW HITPOINT WARNING * * *
Casting: Magic Dart (safe; 8% risk of failure)
Confirm with . or Enter, or press ? or * to list all spells.
Aiming: Magic Dart (safe; 8% risk of failure)
Press: ? - help, Shift-Dir - straight line, f/p - Natasha
Aim: Natasha (severely wounded, 100% to hit)
The magic dart hits Natasha.
Natasha is severely wounded.
Natasha claws you.
You die...

.♣..♣♣♣#####.##.)÷.#
.♣.♣♣ .#........####
.♣.♣♣..#........#
.......#........#
.......#........#####
#'######..........P.##
#.# #........#..P.#
#.# #..........PP.#
#.# #######..@h...#
..# #..P..♣..# ..#
#...P.P.♣.P# .##
#...PPP♣P..# .#
#..♣♣♣♣♣♣!## ## #..
.P# ## ... ##### ....>
...<# h###..


You could see Natasha.

Vanquished Creatures
  A ball python (D:1)
  7 endoplasms
  A goblin (D:2)
  3 hobgoblins
  2 jackals (D:1)
  3 quokkas (D:2)
  7 bats
  2 frilled lizards (D:1)
  3 kobolds (D:1)
  4 rats
33 creatures vanquished.

Vanquished Creatures (others)
  3 plants (D:2)
3 creatures vanquished.

Grand Total: 36 creatures vanquished

Notes
Turn   | Place    | Note
-------+----------+-------------------------------------------
     0 | D:1      | pokeman the Deep Elf Hedge Wizard began the quest for the
                  | Orb.
     0 | D:1      | Reached XP level 1. HP: 10/10 MP: 7/7
   278 | D:1      | Found Rapsal's Distillery.
   344 | D:1      | Reached XP level 2. HP: 15/15 MP: 3/9
   781 | D:1      | Found a faded altar of an unknown god.
   819 | D:1      | Reached skill level 5 in Spellcasting
  1096 | D:2      | Reached XP level 3. HP: 20/20 MP: 6/11
  1100 | D:2      | Learned a level 3 spell: Mephitic Cloud
  1103 | D:2      | Learned a level 2 spell: Call Imp
  1106 | D:2      | Learned a level 2 spell: Blink
  1109 | D:2      | Learned a level 2 spell: Cigotuvi's Dreadful Rot
  1169 | D:2      | Found Iqolan's Weapon Emporium.
  1532 | D:2      | Noticed Natasha
  1544 | D:2      | Slain by Natasha

Illustrated notes

Levels and vault maps discovered:
D:1:      pf_arrival_petrified_forest, layout_basic,
          shapermc_ecumenical_altar_pompeii, serial_shops,
          nicolae_shop_advertising_works [nicolae_subvault_shop_adworks],
          minmay_tromino_mix6
D:2:      layout_basic, serial_shops, nicolae_square_shop, serial_forest,
          infiniplex_forest_corner_2, infiniplex_forest_clump_curved,
          infiniplex_forest_clump_curved, infiniplex_forest_lined_room_,
          infiniplex_forest_straight_3, infiniplex_forest_lined_corner,
          infiniplex_forest_lined_2, infiniplex_forest_straight_5,
          infiniplex_forest_lined_3_way, infiniplex_forest_3_way, uniq_natasha

Skill      XL: |  1  2 |
---------------+-------+-----
Spellcasting   | 5 |  5.2
Fighting       | |  0.9
Armour         | |  0.8
Dodging        | |  2.4
Stealth        | |  2.4
Conjurations   | |  1.7
Summonings     | |  1.1
Translocations | |  1.1

Action                   || total
-------------------------++-------
Melee: Dagger            ||    27
 Cast: Magic Dart        ||    75
 Stab: Sleeping          ||     1
Armor: Leather armour    ||     8
Dodge: Dodged            ||    19

Table legend: (Time is in decaauts)
 A = Elapsed time spent in this place.
 B = Non-inter-level travel time spent in this place.
 C = Inter-level travel time spent in this place.
 D = Time resting spent in this place.
 E = Time spent auto-exploring this place.
 F = Levels seen in this place.
 G = Mean time per level.
                   A        B        C        D        E       F      G
               +--------+--------+--------+--------+--------+-----+--------+
         Total |   1547 |   1521 |     26 |      3 |   1276 |   2 |  773.5 |
       Dungeon |   1547 |   1521 |     26 |      3 |   1276 |   2 |  773.5 |
               +--------+--------+--------+--------+--------+-----+--------+

Top non-repeatable levels by time:
     D:1: 1052 daAuts
     D:2: 495 daAuts
